 Dungeon Crawl Stone Soup version 0.28-a0-751-gef3a642a4e (webtiles) character file.

Game seed: 5462010451524532078

1696 KoroneIsBestGirl the Covered (level 9, -1/72 HPs)
             Began as a Barachi Fighter on Oct 31, 2021.
             Was an Initiate of Gozag.
             Slain by Duvessa (13 damage)
             ... on level 5 of the Dungeon.
             The game lasted 00:05:40 (4509 turns).

KoroneIsBestGirl the Covered (Barachi Fighter)      Turns: 4509, Time: 00:05:41

Health: -1/72      AC:  8    Str: 22    XL:     9   Next: 3%
Magic:  9/9        EV: 10    Int:  8    God:    Gozag
Gold:   446        SH:  5    Dex: 11    Spells: 8/8 levels left

rFire   . . .      SeeInvis .   a - +0 long sword
rCold   . . .      Faith    .   c - +0 buckler
rNeg    . . .      Spirit   .   b - +0 scale mail
rPois   .          Reflect  .   (helmet restricted)
rElec   .          Harm     .   (no cloak)
rCorr   .          Rampage  .   (no gloves)
Will    .....                   (no boots)
Stlth   ..........              d - amulet of regeneration
HPRegen 1.22/turn               q - +4 ring of slaying
MPRegen 0.11/turn               (no ring)

@: slow
A: amphibious, slowness 1, strong legs 1, +LOS, horns 1, mutation resistance 1
a: Hop, Renounce Religion, Potion Petition, Call Merchant, Bribe Branch


You were on level 5 of the Dungeon.
You worshipped Gozag.
Gozag was aware of your devotion.
You visited 2 branches of the dungeon, and saw 8 of its levels.

You collected 513 gold pieces.
You paid 67 gold pieces to Gozag.

Inventory:

Hand Weapons
 a - a +0 long sword (weapon)
Missiles
 p - a throwing net
Armour
 b - a +0 scale mail (worn)
 c - a +0 buckler (worn)
Jewellery
 d - an amulet of regeneration (around neck)
 n - a ring of wizardry
 q - a +4 ring of slaying (left hand)
Wands
 m - a wand of iceblast (7)
Scrolls
 e - 2 scrolls of noise {unknown}
 h - 5 scrolls of immolation {unknown}
 i - 4 scrolls of enchant weapon {unknown}
 k - a scroll of teleportation {unknown}
 l - a scroll of fear {unknown}
Potions
 g - a potion of heal wounds {unknown}
 j - 2 potions of curing {unknown}


   Skills:
 + Level 7.6 Fighting
 + Level 7.0 Long Blades
 + Level 7.6 Armour
 + Level 7.0 Shields


You had 8 spell levels left.
You didn't know any spells.
Your spell library contained the following spells:

 Spells                   Type           Power      Damage    Failure   Level
 Conjure Flame            Conj/Fire      0%         6-21      97%         3
 Gell's Gravitas          Tloc           0%         N/A       97%         3
 Ignite Poison            Fire/Tmut/Pois 0%         N/A       97%         3
 Teleport Other           Tloc           0%         N/A       97%         3
 Sticky Flame             Conj/Fire      0%         2d3       100%        4
 Dispersal                Tloc           0%         N/A       100%        6


Dungeon Overview and Level Annotations

Branches:
Dungeon (7/15)             Temple (1/1) D:4

Altars:
Gozag
Uskayaw
Xom

Shops:
D:1 *

Annotations:
D:5 Duvessa


Innate Abilities, Weirdness & Mutations

You are amphibious.
You cover ground slowly.
You can hop short distances.
You have an extended range of vision and can be seen from far away.
You have a pair of small horns on your head.
You are somewhat resistant to further mutation.


Message History

Dowan points at you and mumbles some strange words.
The puff of flame hits you.
You hit Dowan.
You kill Dowan!
Duvessa screams, "No!
How DARE you!"
Duvessa goes berserk!
Duvessa barely misses you. Duvessa hits you with a +0 short sword.
Your Long Blades skill increases to level 7!
Your Shields skill increases to level 7!
You have reached level 9!
Your experience leads to an increase in your attributes!
Increase (S)trength, (I)ntelligence, or (D)exterity?
You feel stronger.
You hit Duvessa but do no damage. Duvessa hits you with a +0 short sword.
Duvessa closely misses you.
You slash Duvessa! You headbutt Duvessa.
Duvessa is moderately wounded.
Duvessa hits you with a +0 short sword!
You slash Duvessa!
Duvessa is heavily wounded.
Duvessa misses you. Duvessa hits you with a +0 short sword!
You hit Duvessa but do no damage. Your headbutt misses Duvessa.
Duvessa is heavily wounded.
Duvessa hits you with a +0 short sword!
You are too injured to fight recklessly!
You are too injured to fight recklessly!
You are too injured to fight recklessly!
Okay, then.
You closely miss Duvessa.
Duvessa is heavily wounded.
Duvessa hits you with a +0 short sword! Duvessa barely misses you.
You hit Duvessa but do no damage.
Duvessa is heavily wounded.
Duvessa hits you with a +0 short sword!
* * * LOW HITPOINT WARNING * * *
You barely miss Duvessa.
Duvessa is heavily wounded.
Duvessa hits you with a +0 short sword!
You die...
Your body crumbles into a pile of gold.

#.##.##........
#........e(.e..
####.###.......
####.# ......
#....# .....
#.#### ....
#)######## ###
#$e......#
#@.#####.#
#.........
##.#####.# #.#
#.. ####


You could see Duvessa (berserk, fast).

Vanquished Creatures
  Sigmund (D:5)
  A steam dragon (D:3)
  A water moccasin (D:5)
  2 ice beasts
  An ogre (D:4)
  A necrophage (D:6)
  A black bear (D:5)
  2 centaurs
  2 phantoms (D:5)
  Blork the orc (D:5)
  Dowan (D:5)
  A wyvern skeleton (D:5)
  A centaur zombie (D:5)
  A bullfrog zombie (D:3)
  A howler monkey (D:6)
  A jelly (D:4)
  2 orc wizards
  A hound skeleton (D:4)
  3 gnolls (D:3)
  A howler monkey skeleton (D:6)
  2 adders
  A shadow imp (D:5)
  An ufetubus (D:5)
  An adder skeleton (D:4)
  2 dart slugs
  12 orcs
  8 bats
  8 endoplasms
  2 giant cockroaches
  11 goblins
  13 hobgoblins
  4 jackals (D:1)
  4 quokkas (D:1)
  10 ball pythons
  7 kobolds
  3 rats
115 creatures vanquished.

Notes
Turn   | Place    | Note
-------+----------+-------------------------------------------
     0 | D:1      | KoroneIsBestGirl the Barachi Fighter began the quest for
                  | the Orb.
     0 | D:1      | Reached XP level 1. HP: 18/18 MP: 1/1
    90 | D:1      | Found Hejefop's General Store.
   297 | D:1      | Reached XP level 2. HP: 17/25 MP: 2/2
   667 | D:1      | Reached XP level 3. HP: 28/30 MP: 3/3
  1471 | D:2      | Reached XP level 4. HP: 33/37 MP: 4/4
  1931 | D:3      | Reached XP level 5. HP: 31/43 MP: 5/5
  2308 | D:3      | Noticed a steam dragon
  2316 | D:3      | Killed a steam dragon
  2317 | D:3      | Reached skill level 5 in Fighting
  2317 | D:3      | Reached skill level 5 in Armour
  2317 | D:3      | Reached XP level 6. HP: 26/51 MP: 6/6
  2872 | D:4      | Found a staircase to the Ecumenical Temple.
  2890 | Temple   | Entered the Ecumenical Temple
  2916 | Temple   | Became a worshipper of Gozag Ym Sagoz the Greedy
  2956 | D:4      | You fall into a shaft and drop 3 floors!
  2962 | D:7      | Noticed a water moccasin
  2978 | D:6      | Reached skill level 5 in Shields
  2978 | D:6      | Reached XP level 7. HP: 37/56 MP: 7/7
  3373 | D:6      | Reached skill level 5 in Long Blades
  3453 | D:5      | Entered Level 5 of the Dungeon
  3534 | D:5      | Reached XP level 8. HP: 65/65 MP: 8/8
  4006 | D:4      | Gained mutation: You have a pair of small horns on your
                  | head. [potion of mutation]
  4006 | D:4      | Gained mutation: You are somewhat resistant to further
                  | mutation. [potion of mutation]
  4444 | D:5      | Noticed Blork the orc
  4447 | D:5      | Noticed Sigmund
  4464 | D:5      | Killed Sigmund
  4465 | D:5      | Killed Blork the orc
  4482 | D:5      | Noticed Dowan
  4483 | D:5      | Noticed Duvessa
  4502 | D:5      | Killed Dowan
  4503 | D:5      | Reached XP level 9. HP: 68/72 MP: 9/9
  4509 | D:5      | Slain by Duvessa

Illustrated notes

Levels and vault maps discovered:
D:1:      amcnicky_arrival_abandoned_market, layout_rooms, serial_shops,
          nicolae_shop_window_shopping, chequers_serial_rivers_small_3,
          minmay_tree_intersection
D:2:      layout_rooms
D:3:      cheibrodos_greedy_goblins, layout_basic
D:4:      layout_loops_ring, minmay_temple_entry_waves
D:5:      layout_loops_cross, minmay_misc_feat_secret_circle, uniq_duvessa,
          uniq_sigmund, uniq_blork_the_orc
D:6:      layout_gridville, lexackson_kobold_supper
D:7:      layout_cave_pools, serial_shops, nicolae_shop_window_shopping,
          minmay_fractal_squares_diagonal_5
Temple:   roderic_octagonal_lattice_temple

Skill      XL: |  1  2  3  4  5  6  7  8 |
---------------+-------------------------+-----
Fighting       | 4 5 6 7 |  7.6
Armour         | 4 5 6 7 |  7.6
Long Blades    | 3 4 5 7 |  7.0
Shields        | 4 5 7 |  7.0

Action                   |  1- 3 |  4- 6 |  7- 9 || total
-------------------------+-------+-------+-------++-------
Melee: Long sword        |   137 |   123 |   160 ||   420
       Headbutt          |       |       |    11 ||    11
 Abil: Hop               |       |       |     3 ||     3
  Use: Potion            |       |     1 |     2 ||     3
Armor: Scale mail        |   105 |    94 |    54 ||   253
Dodge: Dodged            |    89 |    84 |    77 ||   250
Block: Buckler           |    54 |    50 |    45 ||   149

Table legend: (Time is in decaauts)
 A = Elapsed time spent in this place.
 B = Non-inter-level travel time spent in this place.
 C = Inter-level travel time spent in this place.
 D = Time resting spent in this place.
 E = Time spent auto-exploring this place.
 F = Levels seen in this place.
 G = Mean time per level.
                   A        B        C        D        E       F      G
               +--------+--------+--------+--------+--------+-----+--------+
         Total |   5004 |   4829 |    175 |    702 |   3092 |   8 |  625.5 |
       Dungeon |   4951 |   4796 |    155 |    702 |   3073 |   7 |  707.3 |
        Temple |     53 |     34 |     19 |      0 |     19 |   1 |   53.0 |
               +--------+--------+--------+--------+--------+-----+--------+

Top non-repeatable levels by time:
     D:1: 1325 daAuts
     D:3: 1180 daAuts
     D:4: 971 daAuts
     D:2: 633 daAuts
     D:6: 511 daAuts
     D:5: 317 daAuts
  Temple: 53 daAuts
     D:7: 12 daAuts
